 Dungeon Crawl Stone Soup version 0.31.0-32-g396128a36d (webtiles) character file.

Game seed: 10364960913833682744

2753 BigDaddyOpFi the Trooper (level 9, -1/72 HPs)
             Began as a Demonspawn Fighter on Apr 10, 2024.
             Slain by an ogre
             ... wielding a +0 giant club
              (11 damage)
             ... on level 7 of the Dungeon.
             The game lasted 00:11:51 (7473 turns).

BigDaddyOpFi the Trooper (Demonspawn Fighter)       Turns: 7473, Time: 00:11:51

Health: -1/72      AC: 14    Str: 21    XL:     9   Next: 41%
Magic:  9/9        EV: 10    Int:  9    God:
Gold:   359        SH:  6    Dex: 12    Spells: 8/8 levels left

rFire   + . .        a - +1 war axe
rCold   . . .        c - +1 buckler
rNeg    + . .        x - +2 ring mail {rN+}
rPois   .            B - +2 helmet
rElec   .            v - scarf {repulsion}
rCorr   .            (no gloves)
SInv    .            (no boots)
Will    .....        (no amulet)
Stlth   +            m - ring of protection from fire
HPRegen 0.32/turn    (no ring)
MPRegen 0.11/turn

%: repel missiles
@: no status effects
A: hooves 1, slimy green scales 2, ignite blood 2
a: no special abilities


You were on level 7 of the Dungeon.
You visited 1 branch of the dungeon, and saw 7 of its levels.
You also visited: Sewer.

You collected 359 gold pieces.

Inventory:

Hand Weapons
 a - a +1 war axe (weapon)
Missiles
 l - 2 throwing nets (quivered)
Armour
 c - a +1 buckler (worn)
 v - a scarf of repulsion (worn)
 x - a +2 ring mail of positive energy (worn)
 B - a +2 helmet (worn)
Jewellery
 m - a ring of protection from fire (left hand)
Wands
 b - a wand of light (8)
 q - a wand of charming (15)
Scrolls
 e - 3 scrolls of teleportation
 g - 4 scrolls of poison
 o - 4 scrolls of amnesia
 p - 2 scrolls of immolation
 r - a scroll of fog
 s - 2 scrolls of noise
 w - a scroll of silence
 y - a scroll of identify
 z - 3 scrolls of fear {unknown}
Potions
 d - a potion of resistance {unknown}
 h - a potion of lignification
 i - a potion of attraction {unknown}
 j - a potion of curing
 k - 4 potions of degeneration
 n - a potion of ambrosia {unknown}
 t - a potion of heal wounds {unknown}
 u - 2 potions of enlightenment
 A - a potion of magic {unknown}


   Skills:
 + Level 7.1 Fighting
 + Level 6.1 Axes
 + Level 6.5 Armour
 + Level 6.5 Shields


You had 8 spell levels left.
You didn't know any spells.
Your spell library contained the following spells:

 Spells                   Type           Power      Damage    Failure   Level
 Mercury Vapours          Alch/Air       0%         N/A       75%         2
 Scorch                   Fire           0%         2d5       75%         2
 Mephitic Cloud           Conj/Alch/Air  0%         N/A       92%         3
 Stone Arrow              Conj/Erth      0%         3d7       92%         3
 Tukima's Dance           Hex            0%         N/A       92%         3
 Animate Armour           Summ/Erth      0%         N/A       100%        4
 Flame Wave               Conj/Fire      0%         2d4       100%        4
 Passage of Golubria      Tloc           0%         N/A       100%        4
 Freezing Cloud           Conj/Ice/Air   0%         6-21      100%        5
 Yara's Violent Unravell  Hex/Alch       0%         3d3       100%        5
 Summon Cactus Giant      Summ           0%         N/A       100%        6
 Lehudib's Crystal Spear  Conj/Erth      0%         10d2      100%        8


Dungeon Overview and Level Annotations

Branches:
Dungeon (7/15)              Sewer (visited)
 Temple: D:4-7

Altars:
Gozag
Ru
Trog
Xom

Shops:
D:2 *((


Innate Abilities, Weirdness & Mutations

You have large cloven feet.
You are mostly covered in slimy green scales. (AC +3)
Your demonic aura often causes spilled blood to erupt in flames.


Message History

You block the ice beast's attack.
You closely miss the ice beast. You kick the ice beast.
The ice beast is almost dead.
You block the ice beast's attack.
The ice beast hits you but does no damage.
You barely miss the ice beast. You kick the ice beast.
You kill the ice beast!
An orc comes into view. It is wielding a +0 hand axe.
The orc shouts!
You are too injured to fight recklessly!
You are too injured to fight recklessly!
You are too injured to fight recklessly!
You are too injured to fight recklessly!
The orc hits you with a +0 hand axe.
* * * LOW HITPOINT WARNING * * *
You barely miss the orc. You kick the orc.
The orc is heavily wounded.
The orc hits you but does no damage.
You slash the orc!
You kill the orc!
You see here a +0 hand axe.
Found a stone staircase leading down.
You hear the faint creaking of a very distant portcullis.
Found a robe.
There is a stone staircase leading down here.
Found 17 gold pieces.
An ogre comes into view. It is wielding a +0 giant club.
The ogre shouts!
An ogre is nearby!
You are too injured to fight recklessly!
You are too injured to fight recklessly!
You are too injured to fight recklessly!
You barely miss the ogre. You kick the ogre.
The ogre is lightly wounded.
The ogre hits you with a +0 giant club!
* * * LOW HITPOINT WARNING * * *
You hit the ogre. You kick the ogre.
The ogre is moderately wounded.
The ogre hits you with a +0 giant club!
You die...

###.. ###. .......
#####......#... .......
##............##
.......##.........###...
..................#.#...
........................
#.#......[..............
........................
......O@........>.......
#.......................
..#.$........##........#
#........##.#........#
.........## ..........#
..#.......# ............
# #.#...... ...........#
..........##.........#
..... .


You could see an ogre.

Vanquished Creatures
  A wyvern (D:6)
  2 water moccasins (D:5)
  4 sky beasts
  3 ice beasts
  2 centaurs
  2 ogres
  2 phantoms
  2 scorpions
  A bullfrog (D:6)
  5 wights (D:6)
  3 bombardier beetles
  An orc priest (D:3)
  6 hounds
  A gnoll bouda (D:5)
  A sleepcap (D:4)
  2 iguanas
  3 orc wizards (D:3)
  6 gnolls (D:5)
  13 adders
  2 river rats (Sewer)
  A white imp (D:6)
  2 ufetubi (D:6)
  5 dart slugs
  4 ribbon worms
  22 orcs
  7 endoplasms
  5 giant cockroaches
  11 goblins
  9 hobgoblins
  5 jackals
  5 quokkas
  14 ball pythons
  11 bats
  12 frilled lizards
  3 kobolds
  4 rats
182 creatures vanquished.

Notes
Turn   | Place    | Note
-------+----------+-------------------------------------------
     0 | D:1      | BigDaddyOpFi the Demonspawn Fighter began the quest for the
                  | Orb.
     0 | D:1      | Reached XP level 1. HP: 18/18 MP: 1/1
   190 | D:1      | Gained mutation: Your demonic aura sometimes causes spilled
                  | blood to erupt in flames. [demonic ancestry]
   190 | D:1      | Reached XP level 2. HP: 20/24 MP: 2/2
   629 | D:1      | Found a faded altar of an unknown god.
   783 | D:2      | Found Wol Cep's Weapon Boutique.
   879 | D:2      | Reached XP level 3. HP: 27/29 MP: 3/3
  1089 | D:2      | Found Jati's Assorted Antiques.
  1237 | D:2      | You fall into a shaft and drop 1 floor!
  1342 | D:3      | Found a sacrificial altar of Ru.
  1960 | D:2      | Found Soesmixt's Weapon Emporium.
  1960 | D:2      | Noticed a +0 demon blade
  1962 | D:2      | Noticed a +0 bardiche
  1994 | D:2      | Gained mutation: You are partially covered in slimy green
                  | scales. (AC +2) [demonic ancestry]
  1994 | D:2      | Reached XP level 4. HP: 26/35 MP: 4/4
  2346 | D:3      | Gained mutation: Your demonic aura often causes spilled
                  | blood to erupt in flames. [demonic ancestry]
  2346 | D:3      | Reached XP level 5. HP: 42/42 MP: 5/5
  2418 | D:3      | Reached skill level 4 in Fighting
  3105 | D:4      | Reached XP level 6. HP: 48/48 MP: 6/6
  3400 | D:4      | Found a glowing drain.
  3434 | Sewer    | Entered a sewer
  4309 | Sewer    | Gained mutation: You are mostly covered in slimy green
                  | scales. (AC +3) [demonic ancestry]
  4309 | Sewer    | Reached XP level 7. HP: 43/55 MP: 7/7
  4637 | D:4      | Found a bloodstained altar of Trog.
  4637 | D:4      | Found an opulent altar of Gozag.
  5146 | D:5      | Entered Level 5 of the Dungeon
  5159 | D:5      | Reached skill level 5 in Fighting
  5782 | D:5      | Reached skill level 5 in Armour
  5787 | D:5      | Reached skill level 5 in Shields
  5787 | D:5      | Gained mutation: You have large cloven feet. [demonic
                  | ancestry]
  5787 | D:5      | Reached XP level 8. HP: 47/63 MP: 8/8
  6437 | D:6      | Reached skill level 5 in Axes
  6440 | D:6      | Reached skill level 6 in Fighting
  6878 | D:6      | Reached XP level 9. HP: 64/71 MP: 9/9
  7323 | D:6      | Found a shimmering altar of Xom.
  7432 | D:7      | Reached skill level 7 in Fighting
  7473 | D:7      | Slain by an ogre

Illustrated notes

Levels and vault maps discovered:
D:1:      heliophobic_arrival_battle_scene, layout_basic,
          chequers_ecumenical_altar_grove
D:2:      layout_basic, serial_shops, nicolae_shop_mannequins,
          nicolae_shop_rolling_square, nicolae_shop_bloodbath_and_beyond,
          serial_glass, glass_columns_a, glass_columns_c
D:3:      layout_loops_ring, lemuel_doored_altar, wad_orctagon
D:4:      layout_basic, nicolae_overflow_two_pavilions, serial_curves,
          eino_curves_04, eino_curves_01, cheibrodos_sewer_entry_drain,
          minmay_fractal_squares_gapless_5
D:5:      layout_loops_ring
D:6:      layout_rooms, regret_index_xom_buried_treasure
D:7:      layout_cave_pools, minmay_temple_entry_offerings, enter_bailey_2,
          corexii_hall_statues_l

Skill      XL: |  1  2  3  4  5  6  7  8  9 |
---------------+----------------------------+-----
Axes           | 2 3 4 5 6 |  6.1
Shields        | 3 4 5 6 |  6.5
Armour         | 3 4 5 6 |  6.5
Fighting       | 4 5 6 7 |  7.1

Action                     |  1- 3 |  4- 6 |  7- 9 || total
---------------------------+-------+-------+-------++-------
  Melee: War axe           |   157 |   255 |   229 ||   641
         Kick              |       |       |    47 ||    47
    Use: Potion            |       |     2 |     5 ||     7
         Scroll            |       |    11 |     1 ||    12
 Armour: Scale mail        |   116 |   264 |    62 ||   442
         Ring mail         |       |       |   141 ||   141
  Dodge: Dodged            |    75 |   161 |   143 ||   379
         Repelled          |       |     1 |     1 ||     2
  Block: Buckler           |    30 |    71 |   102 ||   203
